Griffins vs Condors
(R1)
Created - November 26, 2025 at 19:01
Goals
|
| Griffins |
0 |
3 |
3 |
6 |
| Condors |
1 |
1 |
1 |
3 |
|
Shots
|
| Griffins |
3 |
14 |
15 |
32 |
| Condors |
7 |
17 |
15 |
39 |
|
1st period
1. Condors , Klim Kostin 4 (Taro Hirose 3, Nick Shore 13) at 11:09
Penalties :
Pavel Kraskovsky (Gra) for High sticking (Double Minor) at 2:07, Klim Kostin (Bak) for Tripping (Minor) at 8:06, Nick Shore (Bak) for Boarding (Minor) at 8:28, Grigori Denisenko (Gra) for Tripping (Minor) at 12:18
2nd period
2. Griffins , Grigori Denisenko 8 (Pavel Kraskovsky 8) at 0:14
3. Griffins , Grigori Denisenko 9 (Anton Blidh 3, Ian McCoshen 4) at 5:26
4. Griffins , Anton Blidh 6 (Sebastian Ahaut 4, Morgan Frost 7) at 12:49
5. Condors , Taro Hirose 2 (Ryan McLeod 3, Cody Glass 2) at 13:03
Penalties :
Evan Bouchard (Bak) for Interference (Minor) at 0:50, Ian McCoshen (Gra) for Goalie Interference (Minor) at 7:43, Nick Shore (Bak) for Tripping (Minor) at 17:31
3rd period
6. Condors , Gustav Olofsson 1 (Pontus Holmberg 5, Alexander Alexeyev 6) at 4:52
7. Griffins , Michael Bunting 1 (Alex Laferriere 4) at 11:07
8. Griffins , Jack Studnicka 2 (Anton Blidh 4, Morgan Frost 8) at 14:24
9. Griffins , Alex Laferriere 4 (Anton Lundell 2) at 16:34
Penalties :
Alexander Alexeyev (Bak) for Hooking (Minor) at 0:41, Morgan Frost (Gra) for Tripping (Minor) at 1:52, Joonas Lyytinen (Gra) for Roughing (Minor) at 11:23, Nick Shore (Bak) for Hooking (Minor) at 18:37
Goalie Stats
Adam Werner (Gra), 36 saves from 39 shots - (0.923), W, 6-2-0, 60:00 minutes
Stuart Skinner (Bak), 26 saves from 32 shots - (0.813), L, 1-6-1, 60:00 minutes
Players Stats for Griffins
Player Name G A P +/- PIM S H SB GA TA FO MP PP MP PK MP
------------------------------------------------------------------------------------
0 0 0 0 0 0 0 0 0 0 0/0 0:00 0:00 0:00
0 0 0 0 0 0 0 0 0 0 0/0 0:00 0:00 0:00
0 0 0 0 0 0 0 0 0 0 0/0 0:00 0:00 0:00
0 0 0 0 0 0 0 0 0 0 0/0 0:00 0:00 0:00
0 0 0 0 0 0 0 0 0 0 0/0 0:00 0:00 0:00
Alex Laferriere 1 1 2 2 0 4 2 0 0 0 0/0 10:12 0:00 0:00
Anton Blidh 1 2 3 2 0 6 2 0 1 0 2/2 23:20 5:08 5:28
Anton Lundell 0 1 1 1 0 0 2 0 0 0 3/6 12:47 0:00 1:34
Braden Schneider 0 0 0 -2 0 1 0 1 0 0 0/0 7:37 0:00 3:19
Brycen Martin 0 0 0 -1 0 0 0 1 0 0 0/0 3:03 0:00 0:02
Grigori Denisenko 2 0 2 1 2 2 2 0 0 0 1/1 14:16 3:44 0:00
Ian McCoshen 0 1 1 4 2 1 0 0 0 1 0/0 19:32 3:33 3:06
Jack Studnicka 1 0 1 2 0 3 2 0 0 1 0/2 15:46 3:44 0:00
Joonas Lyytinen 0 0 0 -1 2 1 2 1 0 1 0/0 22:31 0:00 5:48
Kale Clague 0 0 0 0 0 1 2 1 0 0 0/0 21:40 5:19 0:00
Michael Bunting 1 0 1 2 0 4 2 0 1 1 0/0 10:27 0:00 0:03
Morgan Frost 0 2 2 1 2 2 0 2 0 0 11/27 20:12 3:43 3:26
Pavel Kraskovsky 0 1 1 1 4 2 3 0 0 0 13/31 19:56 5:08 3:35
Philip Broberg 0 0 0 1 0 0 0 2 0 0 0/0 10:37 0:00 3:53
Samuel Poulin 0 0 0 -1 0 1 0 0 0 0 0/0 5:16 0:00 0:00
Sebastian Ahaut 0 1 1 4 0 2 1 1 1 1 0/0 24:52 5:19 6:04
Simon Benoit 0 0 0 1 0 0 0 0 0 0 0/0 10:11 3:33 0:02
Viktor Lodin 0 0 0 -1 0 1 0 1 0 0 0/2 8:03 0:00 2:32
Will Cuylle 0 0 0 -2 0 1 1 0 1 0 0/0 8:19 0:00 1:58
Yegor Sharangovich 0 0 0 1 0 0 1 0 0 0 1/2 19:23 5:08 3:38
Players Stats for Condors
Player Name G A P +/- PIM S H SB GA TA FO MP PP MP PK MP
------------------------------------------------------------------------------------
0 0 0 0 0 0 0 0 0 0 0/0 0:00 0:00 0:00
0 0 0 0 0 0 0 0 0 0 0/0 0:00 0:00 0:00
0 0 0 0 0 0 0 0 0 0 0/0 0:00 0:00 0:00
0 0 0 0 0 0 0 0 0 0 0/0 0:00 0:00 0:00
0 0 0 0 0 0 0 0 0 0 0/0 0:00 0:00 0:00
Alexander Alexeyev 0 1 1 -1 2 2 0 2 0 0 0/0 28:26 7:09 4:21
Cody Glass 0 1 1 0 0 4 2 1 1 0 0/0 14:04 4:15 0:00
Colin White 0 0 0 -1 0 1 0 0 0 0 4/6 8:08 0:07 0:38
Connor Hurley 0 0 0 -1 0 2 1 0 0 0 2/4 7:37 0:00 0:00
Dylan Holloway 0 0 0 -1 0 1 3 0 0 0 0/0 9:47 0:31 1:13
Evan Bouchard 0 0 0 -3 2 2 1 1 1 1 0/0 30:12 5:58 4:12
Filip Kral 0 0 0 2 0 0 0 0 0 0 0/0 11:13 1:11 0:59
Gustav Olofsson 1 0 1 -1 0 1 0 2 0 0 0/0 21:13 5:09 3:39
Jeremy Gregoire 0 0 0 0 0 0 0 0 0 0 0/0 0:00 0:00 0:00
Jordan Spence 0 0 0 -1 0 0 0 1 0 0 0/0 11:18 3:12 1:50
Jordan Subban 0 0 0 0 0 1 0 0 0 0 0/0 15:39 0:46 2:43
Klim Kostin 1 0 1 -2 2 7 2 1 0 1 2/5 24:39 5:42 4:30
Martin Frk 0 0 0 0 0 0 0 0 0 0 0/0 2:24 1:40 0:00
Nick Shore 0 1 1 -2 6 6 2 0 1 0 22/36 22:26 5:48 2:08
Nikolai Knyzhov 0 0 0 -1 0 0 0 1 0 0 0/0 4:24 0:00 0:00
Pontus Holmberg 0 1 1 0 0 4 3 0 0 0 1/1 16:00 3:16 0:00
Remi Elie 0 0 0 -1 0 1 0 1 0 0 0/0 7:14 0:00 0:15
Ryan McLeod 0 1 1 0 0 2 2 1 0 0 10/15 17:58 3:44 3:12
Taro Hirose 1 1 2 -1 0 5 2 0 1 1 1/6 27:33 6:37 4:10
Tyson Foerster 0 0 0 -1 0 0 1 0 1 1 0/0 8:22 0:30 0:00
3 Stars
1 - Anton Blidh (Gra)
2 - Alex Laferriere (Gra)
3 - Grigori Denisenko (Gra)
Power Play
Griffins - 0 on 6 Attempt(s) - 0.00%
Condors - 0 on 6 Attempt(s) - 0.00%
Penalty Kill
Griffins - 6 on 6 Attempt(s) - 100.00%
- Score 0 goal in Penalty Kill
Condors - 6 on 6 Attempt(s) - 100.00%
- Score 0 goal in Penalty Kill
Team Stat
Griffins - Hits : 22 - Faceoff Wins : 31 - Blocked Shots : 10 - Penalty Minutes : 12
Condors - Hits : 19 - Faceoff Wins : 42 - Blocked Shots : 11 - Penalty Minutes : 12
Official
Referees : Peter MacDougall and Justin St. Pierre
Linesman : Ryan Gibbons and Kory Nagy
Game Notes
Martin Frk is injured at 5:29 of 1st period (Right Knee)
Jordan Spence is injured at 10:13 of 2nd period (Back Spasms)
Finance
Level 1 -- Attendance: 1859 (92.95%) -- Ticket Income $130,130
Level 2 -- Attendance: 895 (89.50%) -- Ticket Income $35,800
Total Attendance: 2754 (91.80%)
Total Ticket Income: $165,930
Other Income: $8,296
Total Income: $174,226
Griffins
5 vs 5 Forward
Center Left Wing Right Wing Time % Phy DF OF
1 Pavel Kraskovsky Grigori Denisenko Yegor Sharangovich 35 1 2 2
2 Morgan Frost Anton Blidh Jack Studnicka 35 1 2 2
3 Anton Lundell Michael Bunting Alex Laferriere 20 1 2 2
4 Viktor Lodin Will Cuylle Samuel Poulin 10 1 2 2
5 vs 5 Defense
Defense Defense Time % Phy DF OF
1 Joonas Lyytinen Kale Clague 40 1 2 2
2 Sebastian Ahaut Ian McCoshen 30 1 2 2
3 Simon Benoit Philip Broberg 20 1 2 2
4 Braden Schneider Brycen Martin 10 1 2 2
PowerPlay Forward
Center Left Wing Right Wing Time % Phy DF OF
1 Pavel Kraskovsky Anton Blidh Yegor Sharangovich 60 1 2 2
2 Morgan Frost Grigori Denisenko Jack Studnicka 40 1 2 2
PowerPlay Defense
Defense Defense Time % Phy DF OF
1 Kale Clague Sebastian Ahaut 60 1 2 2
2 Simon Benoit Ian McCoshen 40 1 2 2
Penalty Kill 4 Players Forward
Center Wing Time % Phy DF OF
1 Pavel Kraskovsky Anton Blidh 60 1 2 2
2 Yegor Sharangovich Morgan Frost 40 1 2 2
Penalty Kill 4 Players Defense
Defense Defense Time % Phy DF OF
1 Joonas Lyytinen Sebastian Ahaut 60 1 2 2
2 Ian McCoshen Philip Broberg 40 1 2 2
Penalty Kill - 3 Players Forward
Forward Time % Phy DF OF
1 Pavel Kraskovsky 60 1 2 2
2 Anton Blidh 40 1 2 2
Penalty Kill - 3 Players Defense
Defense Defense Time % Phy DF OF
1 Joonas Lyytinen Sebastian Ahaut 60 1 2 2
2 Kale Clague Ian McCoshen 40 1 2 2
4 vs 4 Forward
Center Wing Time % Phy DF OF
1 Pavel Kraskovsky Anton Blidh 60 1 2 2
2 Yegor Sharangovich Morgan Frost 40 1 2 2
4 vs 4 Defense
Defense Defense Time % Phy DF OF
1 Ian McCoshen Sebastian Ahaut 60 1 2 2
2 Simon Benoit Kale Clague 40 1 2 2
Last Minutes Offensive
Center Left Wing Right Wing Defense Defense
Pavel Kraskovsky Anton Blidh Yegor Sharangovich Ian McCoshen Kale Clague
Last Minutes Defensive
Center Left Wing Right Wing Defense Defense
Pavel Kraskovsky Anton Blidh Yegor Sharangovich Joonas Lyytinen Ian McCoshen
Goaltenders
Starting : Adam Werner
Backup : Philippe Desrosiers
Extra Forwards
Normal : Michael Bunting, Anton Lundell, Viktor Lodin - PP : Michael Bunting, Anton Lundell - PK : Viktor Lodin
Extra Defensemen
Normal : Brycen Martin, Braden Schneider, Simon Benoit - PP : Brycen Martin - PK : Braden Schneider, Simon Benoit
Penalty Shots
Pavel Kraskovsky, Anton Blidh, Yegor Sharangovich, Morgan Frost, Grigori Denisenko
Custom OT Lines Forwards
Pavel Kraskovsky, Anton Blidh, Yegor Sharangovich, Morgan Frost, Grigori Denisenko, Michael Bunting, Jack Studnicka, Anton Lundell, Viktor Lodin, Samuel Poulin
Custom OT Lines Defensemen
Ian McCoshen, Kale Clague, Joonas Lyytinen, Sebastian Ahaut, Philip Broberg
Scratches
Riley Duran (Healthy), Scott Reedy (Healthy), Jack Ramsey (Healthy), Maxim Mamin (Healthy), Conor Timmins (Healthy)
Oskar Steen (Healthy), Nick Swaney (Healthy), Dominik Bokk (Healthy), Vladislav Kolyachonok (Healthy), Ivan Prosvetov (Healthy)
Condors
5 vs 5 Forward
Center Left Wing Right Wing Time % Phy DF OF
1 Nick Shore Klim Kostin Martin Frk 40 1 2 2
2 Ryan McLeod Taro Hirose Cody Glass 30 1 2 2
3 Colin White Remi Elie Pontus Holmberg 20 1 2 2
4 Connor Hurley Dylan Holloway Tyson Foerster 10 1 2 2
5 vs 5 Defense
Defense Defense Time % Phy DF OF
1 Evan Bouchard Alexander Alexeyev 40 1 2 2
2 Gustav Olofsson Jordan Spence 30 1 2 2
3 Jordan Subban Filip Kral 20 1 2 2
4 Nikolai Knyzhov Evan Bouchard 10 1 2 2
PowerPlay Forward
Center Left Wing Right Wing Time % Phy DF OF
1 Nick Shore Klim Kostin Martin Frk 60 1 2 2
2 Ryan McLeod Taro Hirose Cody Glass 40 1 2 2
PowerPlay Defense
Defense Defense Time % Phy DF OF
1 Evan Bouchard Alexander Alexeyev 60 1 2 2
2 Gustav Olofsson Jordan Spence 40 1 2 2
Penalty Kill 4 Players Forward
Center Wing Time % Phy DF OF
1 Nick Shore Klim Kostin 60 1 2 2
2 Ryan McLeod Taro Hirose 40 1 2 2
Penalty Kill 4 Players Defense
Defense Defense Time % Phy DF OF
1 Evan Bouchard Alexander Alexeyev 60 1 2 2
2 Gustav Olofsson Jordan Spence 40 1 2 2
Penalty Kill - 3 Players Forward
Forward Time % Phy DF OF
1 Nick Shore 60 1 2 2
2 Ryan McLeod 40 1 2 2
Penalty Kill - 3 Players Defense
Defense Defense Time % Phy DF OF
1 Evan Bouchard Alexander Alexeyev 60 1 2 2
2 Gustav Olofsson Jordan Spence 40 1 2 2
4 vs 4 Forward
Center Wing Time % Phy DF OF
1 Nick Shore Klim Kostin 60 1 2 2
2 Ryan McLeod Taro Hirose 40 1 2 2
4 vs 4 Defense
Defense Defense Time % Phy DF OF
1 Evan Bouchard Alexander Alexeyev 60 1 2 2
2 Gustav Olofsson Jordan Spence 40 1 2 2
Last Minutes Offensive
Center Left Wing Right Wing Defense Defense
Nick Shore Klim Kostin Martin Frk Evan Bouchard Alexander Alexeyev
Last Minutes Defensive
Center Left Wing Right Wing Defense Defense
Nick Shore Klim Kostin Martin Frk Evan Bouchard Alexander Alexeyev
Goaltenders
Starting : Stuart Skinner
Backup : Jaxson Stauber
Extra Forwards
Normal : Taro Hirose, Pontus Holmberg, Ryan McLeod - PP : Taro Hirose, Pontus Holmberg - PK : Taro Hirose
Extra Defensemen
Normal : Jordan Subban, Filip Kral, Nikolai Knyzhov - PP : Jordan Subban - PK : Jordan Subban, Filip Kral
Penalty Shots
Martin Frk, Nick Shore, Klim Kostin, Cody Glass, Taro Hirose
Custom OT Lines Forwards
Martin Frk, Nick Shore, Klim Kostin, Cody Glass, Taro Hirose, Pontus Holmberg, Ryan McLeod, Colin White, Connor Hurley, Remi Elie
Custom OT Lines Defensemen
Evan Bouchard, Alexander Alexeyev, Gustav Olofsson, Jordan Spence, Jordan Subban
Scratches
Cole Cassels (Healthy), Semyon Der-Arguchintsev (Healthy), Jan Mysak (Healthy), Ronan Seeley (Healthy), Roni Hirvonen (Healthy)
Roby Jarventie (Healthy), Michael Anderson (Healthy), Robin Salo (Healthy), Brayden Pachal (Healthy), Filip Johansson (Healthy)
Jonny Tychonick (Healthy), Lucas Johansen (Healthy), Cole Fonstad (Healthy), Jack Perbix (Healthy), Connor McMichael (Healthy)
Raphael Lavoie (Healthy), Filip Cederqvist (Healthy), Michael Dipietro (Healthy)
% Time on Ice - Griffins
Lines # - Real PCT - Wanted PCT - Time Play
Normal Forward
1 - 30% - 35% - 11:43
2 - 31% - 35% - 12:02
3 - 26% - 20% - 10:12
4 - 13% - 10% - 5:16
Normal Defense
1 - 45% - 40% - 17:28
2 - 31% - 30% - 12:19
3 - 16% - 20% - 6:26
4 - 8% - 10% - 3:00
PP Forward
1 - 58% - 60% - 5:08
2 - 42% - 40% - 3:44
PP Defense
1 - 60% - 60% - 5:19
2 - 40% - 40% - 3:33
PK Forward
1 - 67% - 60% - 7:29
2 - 33% - 40% - 3:38
PK Defense
1 - 65% - 60% - 7:14
2 - 35% - 40% - 3:53
PK3 Forward
1 - 0% - 60%
2 - 0% - 40%
PK3 Defense
1 - 0% - 60%
2 - 0% - 40%
44 Forward
1 - 75% - 60% - 0:36
2 - 25% - 40% - 0:12
44 Defense
1 - 100% - 60% - 0:48
2 - 0% - 40% - 0:00
Last Minute Offensive - 0:00
Last Minute Defensive - 0:00
Total
Forward - 60:00
Defense - 60:00
|
% Time on Ice - Condors
Lines # - Real PCT - Wanted PCT - Time Play
Normal Forward
1 - 39% - 40% - 15:20
2 - 24% - 30% - 9:17
3 - 18% - 20% - 6:59
4 - 19% - 10% - 7:37
Normal Defense
1 - 41% - 40% - 15:56
2 - 33% - 30% - 13:02
3 - 19% - 20% - 7:33
4 - 7% - 10% - 2:42
PP Forward
1 - 69% - 60% - 7:37
2 - 31% - 40% - 3:30
PP Defense
1 - 54% - 60% - 5:58
2 - 46% - 40% - 5:09
PK Forward
1 - 87% - 60% - 6:20
2 - 13% - 40% - 0:55
PK Defense
1 - 58% - 60% - 4:13
2 - 42% - 40% - 3:02
PK3 Forward
1 - 100% - 60% - 1:37
2 - 0% - 40% - 0:00
PK3 Defense
1 - 53% - 60% - 0:51
2 - 47% - 40% - 0:46
44 Forward
1 - 100% - 60% - 0:48
2 - 0% - 40% - 0:00
44 Defense
1 - 73% - 60% - 0:35
2 - 27% - 40% - 0:13
Last Minute Offensive - 0:00
Last Minute Defensive - 0:00
Total
Forward - 60:00
Defense - 60:00
|
Play-by-Play
1st period
0:01 of 1st period - Grigori Denisenko wins face-off versus Nick Shore in neutral zone.
0:59 of 1st period - Wrist shot by Viktor Lodin.
0:59 of 1st period - Shot Misses the Net.
1:49 of 1st period - Philip Broberg is hit by Ryan McLeod.
2:07 of 1st period - Double Minor Penalty to Pavel Kraskovsky for High sticking.
2:08 of 1st period - Anton Blidh wins face-off versus Klim Kostin in Griffins zone.
2:08 of 1st period - Anton Blidh is hit by Nick Shore.
2:34 of 1st period - Evan Bouchard is hit by Anton Blidh and loses puck.
3:38 of 1st period - Icing by Cody Glass.
3:39 of 1st period - Ryan McLeod wins face-off versus Anton Lundell in Condors zone.
3:54 of 1st period - Wrist shot by Anton Blidh.
3:54 of 1st period - Shot Misses the Net.
5:28 of 1st period - Martin Frk is hit by Joonas Lyytinen and loses puck.
5:29 of 1st period - Martin Frk from Condors is injured at 5:29 of 1st period (Right Knee).
5:30 of 1st period - Nick Shore wins face-off versus Viktor Lodin in Condors zone.
5:45 of 1st period - Snap shot by Nick Shore.
5:45 of 1st period - Stopped by Adam Werner with a rebound.
5:47 of 1st period - Wrist shot by Taro Hirose.
5:47 of 1st period - Stopped by Adam Werner without a rebound.
5:48 of 1st period - Yegor Sharangovich wins face-off versus Klim Kostin in Griffins zone.
5:48 of 1st period - Yegor Sharangovich is hit by Taro Hirose.
6:07 of 1st period - Penalty to Pavel Kraskovsky is over, Pavel Kraskovsky is back on ice.
7:08 of 1st period - Gustav Olofsson is hit by Pavel Kraskovsky and loses puck.
7:29 of 1st period - Wrist shot by Jordan Spence.
7:29 of 1st period - Shot Blocked by Viktor Lodin.
7:39 of 1st period - Slapshot by Ian McCoshen.
7:39 of 1st period - Deflect By Alex Laferriere.
7:39 of 1st period - Stopped by Stuart Skinner without a rebound.
7:40 of 1st period - Ryan McLeod wins face-off versus Anton Lundell in Condors zone.
8:06 of 1st period - Minor Penalty to Klim Kostin for Tripping.
8:07 of 1st period - Nick Shore wins face-off versus Pavel Kraskovsky in Condors zone.
8:28 of 1st period - Minor Penalty to Nick Shore for Boarding.
8:29 of 1st period - Pavel Kraskovsky wins face-off versus Taro Hirose in Condors zone.
10:06 of 1st period - Penalty to Klim Kostin is over, Klim Kostin is back on ice.
10:27 of 1st period - Jack Studnicka is hit by Klim Kostin and loses puck.
10:28 of 1st period - Penalty to Nick Shore is over, Nick Shore is back on ice.
10:34 of 1st period - Wrist shot by Nick Shore.
10:34 of 1st period - Stopped by Adam Werner with a rebound.
10:36 of 1st period - Wrist shot by Colin White.
10:36 of 1st period - Stopped by Adam Werner without a rebound.
10:37 of 1st period - Anton Lundell wins face-off versus Connor Hurley in Griffins zone.
10:37 of 1st period - Anton Lundell is hit by Dylan Holloway.
11:05 of 1st period - Snap shot by Nick Shore.
11:05 of 1st period - Shot Misses the Net.
11:07 of 1st period - Slapshot by Taro Hirose.
11:07 of 1st period - Shot Blocked by Brycen Martin.
11:09 of 1st period - Wrist shot by Klim Kostin.
11:09 of 1st period - Goal by Klim Kostin - Griffins : 0 - Condors : 1.
11:10 of 1st period - Pavel Kraskovsky wins face-off versus Nick Shore in neutral zone.
11:33 of 1st period - Slapshot by Evan Bouchard.
11:33 of 1st period - Stopped by Adam Werner without a rebound.
11:34 of 1st period - Colin White wins face-off versus Morgan Frost in Griffins zone.
11:41 of 1st period - Snap shot by Pontus Holmberg.
11:41 of 1st period - Deflect By Anton Blidh.
11:41 of 1st period - Shot Misses the Net.
11:41 of 1st period - Puck is out of play.
11:42 of 1st period - Nick Shore wins face-off versus Morgan Frost in Griffins zone.
11:49 of 1st period - Snap shot by Morgan Frost.
11:49 of 1st period - Shot Misses the Net.
12:13 of 1st period - Wrist shot by Pontus Holmberg.
12:13 of 1st period - Deflect By Remi Elie.
12:13 of 1st period - Stopped by Adam Werner without a rebound.
12:14 of 1st period - Colin White wins face-off versus Pavel Kraskovsky in Griffins zone.
12:18 of 1st period - Minor Penalty to Grigori Denisenko for Tripping.
12:19 of 1st period - Pavel Kraskovsky wins face-off versus Nick Shore in Griffins zone.
12:23 of 1st period - Snap shot by Anton Blidh.
12:23 of 1st period - Stopped by Stuart Skinner with a rebound.
12:47 of 1st period - Off-side.
12:48 of 1st period - Morgan Frost wins face-off versus Ryan McLeod in neutral zone.
13:13 of 1st period - Pavel Kraskovsky is hit by Pontus Holmberg and loses puck.
14:18 of 1st period - Penalty to Grigori Denisenko is over, Grigori Denisenko is back on ice.
14:29 of 1st period - Braden Schneider is hit by Pontus Holmberg and loses puck.
14:42 of 1st period - Connor Hurley is hit by Will Cuylle and loses puck.
14:49 of 1st period - Wrist shot by Viktor Lodin.
14:49 of 1st period - Stopped by Stuart Skinner with a rebound.
14:51 of 1st period - Wrist shot by Will Cuylle.
14:51 of 1st period - Shot Misses the Net.
14:53 of 1st period - Snap shot by Viktor Lodin.
14:53 of 1st period - Shot Misses the Net.
16:19 of 1st period - Slapshot by Kale Clague.
16:19 of 1st period - Shot Blocked by Cody Glass.
17:03 of 1st period - Simon Benoit is hit by Dylan Holloway and loses puck.
17:17 of 1st period - Will Cuylle is hit by Connor Hurley and loses puck.
17:32 of 1st period - Snap shot by Anton Blidh.
17:32 of 1st period - Shot Misses the Net.
17:59 of 1st period - Snap shot by Alex Laferriere.
17:59 of 1st period - Shot Misses the Net.
18:29 of 1st period - Klim Kostin is hit by Jack Studnicka and loses puck.
19:06 of 1st period - Wrist shot by Michael Bunting.
19:06 of 1st period - Shot Misses the Net.
19:10 of 1st period - Wrist shot by Anton Lundell.
19:10 of 1st period - Shot Misses the Net.
19:27 of 1st period - Sebastian Ahaut is hit by Klim Kostin and loses puck.
Goals for this period are 0 for Griffins vs 1 for Condors.
Shots for this period are 3 for Griffins vs 7 for Condors.
2nd period
0:01 of 2nd period - Pavel Kraskovsky wins face-off versus Nick Shore in neutral zone.
0:04 of 2nd period - Snap shot by Grigori Denisenko.
0:04 of 2nd period - Shot Blocked by Alexander Alexeyev.
0:14 of 2nd period - Snap shot by Grigori Denisenko.
0:14 of 2nd period - Goal by Grigori Denisenko - Griffins : 1 - Condors : 1.
0:15 of 2nd period - Nick Shore wins face-off versus Morgan Frost in neutral zone.
0:20 of 2nd period - Slapshot by Anton Blidh.
0:20 of 2nd period - Stopped by Stuart Skinner with a rebound.
0:30 of 2nd period - Snap shot by Anton Blidh.
0:30 of 2nd period - Deflect By Jack Studnicka.
0:30 of 2nd period - Stopped by Stuart Skinner without a rebound.
0:31 of 2nd period - Ryan McLeod wins face-off versus Pavel Kraskovsky in Condors zone.
0:46 of 2nd period - Taro Hirose is hit by Pavel Kraskovsky and loses puck.
0:50 of 2nd period - Minor Penalty to Evan Bouchard for Interference.
0:51 of 2nd period - Nick Shore wins face-off versus Pavel Kraskovsky in Condors zone.
1:04 of 2nd period - Snap shot by Nick Shore.
1:04 of 2nd period - Stopped by Adam Werner with a rebound.
2:11 of 2nd period - Snap shot by Ryan McLeod.
2:11 of 2nd period - Shot Misses the Net.
2:50 of 2nd period - Penalty to Evan Bouchard is over, Evan Bouchard is back on ice.
2:55 of 2nd period - Alexander Alexeyev is hit by Anton Lundell and loses puck.
3:02 of 2nd period - Slapshot by Alex Laferriere.
3:02 of 2nd period - Shot Misses the Net.
3:04 of 2nd period - Slapshot by Kale Clague.
3:04 of 2nd period - Deflect By Michael Bunting.
3:04 of 2nd period - Stopped by Stuart Skinner without a rebound.
3:05 of 2nd period - Colin White wins face-off versus Viktor Lodin in Condors zone.
3:14 of 2nd period - Snap shot by Viktor Lodin.
3:14 of 2nd period - Shot Misses the Net.
3:30 of 2nd period - Philip Broberg is hit by Ryan McLeod and loses puck.
3:50 of 2nd period - Off-side.
3:51 of 2nd period - Pontus Holmberg wins face-off versus Morgan Frost in neutral zone.
3:54 of 2nd period - Snap shot by Klim Kostin.
3:54 of 2nd period - Shot Blocked by Philip Broberg.
4:15 of 2nd period - Snap shot by Anton Blidh.
4:15 of 2nd period - Stopped by Stuart Skinner with a rebound.
4:23 of 2nd period - Snap shot by Cody Glass.
4:23 of 2nd period - Stopped by Adam Werner without a rebound.
4:24 of 2nd period - Klim Kostin wins face-off versus Pavel Kraskovsky in Griffins zone.
4:25 of 2nd period - Snap shot by Taro Hirose.
4:25 of 2nd period - Deflect By Nick Shore.
4:25 of 2nd period - Stopped by Adam Werner with a rebound.
4:27 of 2nd period - Slapshot by Alexander Alexeyev.
4:27 of 2nd period - Stopped by Adam Werner with a rebound.
4:31 of 2nd period - Snap shot by Nick Shore.
4:31 of 2nd period - Shot Blocked by Kale Clague.
4:33 of 2nd period - Slapshot by Evan Bouchard.
4:33 of 2nd period - Shot Misses the Net.
4:49 of 2nd period - Alexander Alexeyev is hit by Alex Laferriere and loses puck.
4:54 of 2nd period - Slapshot by Sebastian Ahaut.
4:54 of 2nd period - Stopped by Stuart Skinner with a rebound.
4:56 of 2nd period - Slapshot by Sebastian Ahaut.
4:56 of 2nd period - Stopped by Stuart Skinner without a rebound.
4:57 of 2nd period - Morgan Frost wins face-off versus Nick Shore in Condors zone.
5:12 of 2nd period - Wrist shot by Nick Shore.
5:12 of 2nd period - Shot Misses the Net.
5:22 of 2nd period - Slapshot by Anton Blidh.
5:22 of 2nd period - Stopped by Stuart Skinner with a rebound.
5:24 of 2nd period - Wrist shot by Grigori Denisenko.
5:24 of 2nd period - Shot Blocked by Remi Elie.
5:26 of 2nd period - Wrist shot by Grigori Denisenko.
5:26 of 2nd period - Goal by Grigori Denisenko - Griffins : 2 - Condors : 1.
5:27 of 2nd period - Ryan McLeod wins face-off versus Pavel Kraskovsky in neutral zone.
5:41 of 2nd period - Snap shot by Pavel Kraskovsky.
5:41 of 2nd period - Stopped by Stuart Skinner with a rebound.
5:53 of 2nd period - Nick Shore is hit by Kale Clague and loses puck.
6:38 of 2nd period - Ryan McLeod is hit by Anton Lundell and loses puck.
6:47 of 2nd period - Slapshot by Michael Bunting.
6:47 of 2nd period - Stopped by Stuart Skinner with a rebound.
6:49 of 2nd period - Slapshot by Sebastian Ahaut.
6:49 of 2nd period - Shot Misses the Net.
7:12 of 2nd period - Icing by Nick Shore.
7:13 of 2nd period - Morgan Frost wins face-off versus Nick Shore in Condors zone.
7:36 of 2nd period - Slapshot by Jordan Spence.
7:36 of 2nd period - Shot Misses the Net.
7:38 of 2nd period - Wrist shot by Klim Kostin.
7:38 of 2nd period - Stopped by Adam Werner with a rebound.
7:40 of 2nd period - Snap shot by Klim Kostin.
7:40 of 2nd period - Stopped by Adam Werner without a rebound.
7:41 of 2nd period - Pavel Kraskovsky wins face-off versus Ryan McLeod in Griffins zone.
7:43 of 2nd period - Minor Penalty to Ian McCoshen for Goalie Interference.
7:44 of 2nd period - Nick Shore wins face-off versus Pavel Kraskovsky in Griffins zone.
8:14 of 2nd period - Slapshot by Taro Hirose.
8:14 of 2nd period - Stopped by Adam Werner without a rebound.
8:15 of 2nd period - Nick Shore wins face-off versus Yegor Sharangovich in Griffins zone.
8:49 of 2nd period - Snap shot by Ryan McLeod.
8:49 of 2nd period - Stopped by Adam Werner with a rebound.
8:51 of 2nd period - Snap shot by Ryan McLeod.
8:51 of 2nd period - Shot Misses the Net.
8:53 of 2nd period - Snap shot by Ryan McLeod.
8:53 of 2nd period - Shot Misses the Net.
8:55 of 2nd period - Slapshot by Cody Glass.
8:55 of 2nd period - Shot Misses the Net.
9:43 of 2nd period - Penalty to Ian McCoshen is over, Ian McCoshen is back on ice.
9:58 of 2nd period - Alex Laferriere is hit by Dylan Holloway and loses puck.
10:13 of 2nd period - Snap shot by Yegor Sharangovich.
10:13 of 2nd period - Shot Blocked by Jordan Spence.
10:13 of 2nd period - Jordan Spence from Condors is injured at 10:13 of 2nd period (Back Spasms).
10:14 of 2nd period - Nick Shore wins face-off versus Morgan Frost in Condors zone.
10:29 of 2nd period - Snap shot by Anton Blidh.
10:29 of 2nd period - Shot Blocked by Alexander Alexeyev.
10:39 of 2nd period - Pontus Holmberg is hit by Joonas Lyytinen and loses puck.
11:00 of 2nd period - Evan Bouchard is hit by Michael Bunting and loses puck.
12:33 of 2nd period - Off-side.
12:34 of 2nd period - Nick Shore wins face-off versus Morgan Frost in neutral zone.
12:47 of 2nd period - Slapshot by Morgan Frost.
12:47 of 2nd period - Shot Misses the Net.
12:49 of 2nd period - Slapshot by Sebastian Ahaut.
12:49 of 2nd period - Deflect By Anton Blidh.
12:49 of 2nd period - Goal by Anton Blidh - Griffins : 3 - Condors : 1.
12:50 of 2nd period - Ryan McLeod wins face-off versus Pavel Kraskovsky in neutral zone.
12:55 of 2nd period - Snap shot by Cody Glass.
12:55 of 2nd period - Stopped by Adam Werner with a rebound.
12:57 of 2nd period - Snap shot by Cody Glass.
12:57 of 2nd period - Stopped by Adam Werner with a rebound.
12:59 of 2nd period - Snap shot by Ryan McLeod.
12:59 of 2nd period - Stopped by Adam Werner with a rebound.
13:03 of 2nd period - Wrist shot by Taro Hirose.
13:03 of 2nd period - Goal by Taro Hirose - Griffins : 3 - Condors : 2.
13:04 of 2nd period - Klim Kostin wins face-off versus Morgan Frost in neutral zone.
13:19 of 2nd period - Slapshot by Klim Kostin.
13:19 of 2nd period - Stopped by Adam Werner with a rebound.
13:21 of 2nd period - Snap shot by Klim Kostin.
13:21 of 2nd period - Stopped by Adam Werner without a rebound.
13:22 of 2nd period - Ryan McLeod wins face-off versus Pavel Kraskovsky in Griffins zone.
13:57 of 2nd period - Slapshot by Kale Clague.
13:57 of 2nd period - Deflect By Pontus Holmberg.
13:57 of 2nd period - Stopped by Stuart Skinner with a rebound.
16:04 of 2nd period - Wrist shot by Cody Glass.
16:04 of 2nd period - Shot Misses the Net.
16:10 of 2nd period - Slapshot by Cody Glass.
16:10 of 2nd period - Stopped by Adam Werner with a rebound.
16:12 of 2nd period - Backhand shot by Jordan Subban.
16:12 of 2nd period - Stopped by Adam Werner without a rebound.
16:13 of 2nd period - Morgan Frost wins face-off versus Nick Shore in Griffins zone.
16:26 of 2nd period - Pontus Holmberg is hit by Jack Studnicka and loses puck.
16:49 of 2nd period - Snap shot by Connor Hurley.
16:49 of 2nd period - Stopped by Adam Werner without a rebound.
16:50 of 2nd period - Nick Shore wins face-off versus Morgan Frost in Griffins zone.
16:53 of 2nd period - Slapshot by Nick Shore.
16:53 of 2nd period - Shot Misses the Net.
16:55 of 2nd period - Wrist shot by Klim Kostin.
16:55 of 2nd period - Deflect By Pontus Holmberg.
16:55 of 2nd period - Shot Blocked by Morgan Frost.
16:55 of 2nd period - Puck is out of play.
16:56 of 2nd period - Morgan Frost wins face-off versus Nick Shore in Griffins zone.
16:56 of 2nd period - Morgan Frost is hit by Pontus Holmberg.
17:02 of 2nd period - Anton Blidh is hit by Nick Shore and loses puck.
17:24 of 2nd period - Anton Blidh is hit by Tyson Foerster.
17:28 of 2nd period - Snap shot by Morgan Frost.
17:28 of 2nd period - Stopped by Stuart Skinner without a rebound.
17:29 of 2nd period - Nick Shore wins face-off versus Pavel Kraskovsky in Condors zone.
17:31 of 2nd period - Minor Penalty to Nick Shore for Tripping.
17:32 of 2nd period - Pavel Kraskovsky wins face-off versus Taro Hirose in Condors zone.
18:20 of 2nd period - Kale Clague is hit by Taro Hirose and loses puck.
19:28 of 2nd period - Icing by Kale Clague.
19:29 of 2nd period - Ryan McLeod wins face-off versus Pavel Kraskovsky in Griffins zone.
19:31 of 2nd period - Penalty to Nick Shore is over, Nick Shore is back on ice.
Goals for this period are 3 for Griffins vs 1 for Condors.
Shots for this period are 14 for Griffins vs 17 for Condors.
3rd period
0:01 of 3rd period - Pavel Kraskovsky wins face-off versus Nick Shore in neutral zone.
0:03 of 3rd period - Off-side.
0:04 of 3rd period - Pavel Kraskovsky wins face-off versus Nick Shore in neutral zone.
0:19 of 3rd period - Slapshot by Grigori Denisenko.
0:19 of 3rd period - Deflect By Pavel Kraskovsky.
0:19 of 3rd period - Shot Blocked by Klim Kostin.
0:19 of 3rd period - Puck is out of play.
0:20 of 3rd period - Morgan Frost wins face-off versus Ryan McLeod in Condors zone.
0:41 of 3rd period - Minor Penalty to Alexander Alexeyev for Hooking.
0:42 of 3rd period - Nick Shore wins face-off versus Pavel Kraskovsky in Condors zone.
1:28 of 3rd period - Icing by Pavel Kraskovsky.
1:29 of 3rd period - Pavel Kraskovsky wins face-off versus Nick Shore in Griffins zone.
1:52 of 3rd period - Minor Penalty to Morgan Frost for Tripping.
1:53 of 3rd period - Nick Shore wins face-off versus Pavel Kraskovsky in Griffins zone.
1:56 of 3rd period - Snap shot by Klim Kostin.
1:56 of 3rd period - Shot Misses the Net.
2:08 of 3rd period - Slapshot by Pavel Kraskovsky.
2:08 of 3rd period - Stopped by Stuart Skinner with a rebound.
2:41 of 3rd period - Penalty to Alexander Alexeyev is over, Alexander Alexeyev is back on ice.
3:21 of 3rd period - Wrist shot by Pontus Holmberg.
3:21 of 3rd period - Shot Blocked by Joonas Lyytinen.
3:43 of 3rd period - Wrist shot by Taro Hirose.
3:43 of 3rd period - Shot Misses the Net.
3:52 of 3rd period - Penalty to Morgan Frost is over, Morgan Frost is back on ice.
4:16 of 3rd period - Snap shot by Pontus Holmberg.
4:16 of 3rd period - Stopped by Adam Werner with a rebound.
4:28 of 3rd period - Wrist shot by Pontus Holmberg.
4:28 of 3rd period - Stopped by Adam Werner with a rebound.
4:30 of 3rd period - Slapshot by Gustav Olofsson.
4:30 of 3rd period - Shot Blocked by Morgan Frost.
4:48 of 3rd period - Snap shot by Pontus Holmberg.
4:48 of 3rd period - Shot Misses the Net.
4:50 of 3rd period - Snap shot by Pontus Holmberg.
4:50 of 3rd period - Stopped by Adam Werner with a rebound.
4:52 of 3rd period - Slapshot by Gustav Olofsson.
4:52 of 3rd period - Goal by Gustav Olofsson - Griffins : 3 - Condors : 3.
4:53 of 3rd period - Pavel Kraskovsky wins face-off versus Nick Shore in neutral zone.
5:42 of 3rd period - Grigori Denisenko is hit by Evan Bouchard and loses puck.
5:50 of 3rd period - Icing by Philip Broberg.
5:51 of 3rd period - Connor Hurley wins face-off versus Pavel Kraskovsky in Griffins zone.
6:00 of 3rd period - Off-side.
6:01 of 3rd period - Morgan Frost wins face-off versus Connor Hurley in neutral zone.
6:58 of 3rd period - Snap shot by Viktor Lodin.
6:58 of 3rd period - Shot Blocked by Ryan McLeod.
7:00 of 3rd period - Wrist shot by Samuel Poulin.
7:00 of 3rd period - Shot Blocked by Gustav Olofsson.
7:02 of 3rd period - Snap shot by Ian McCoshen.
7:02 of 3rd period - Shot Blocked by Nikolai Knyzhov.
7:08 of 3rd period - Snap shot by Viktor Lodin.
7:08 of 3rd period - Shot Blocked by Gustav Olofsson.
7:19 of 3rd period - Icing by Tyson Foerster.
7:20 of 3rd period - Connor Hurley wins face-off versus Morgan Frost in Condors zone.
7:25 of 3rd period - Wrist shot by Dylan Holloway.
7:25 of 3rd period - Stopped by Adam Werner without a rebound.
7:26 of 3rd period - Nick Shore wins face-off versus Jack Studnicka in Griffins zone.
7:27 of 3rd period - Snap shot by Klim Kostin.
7:27 of 3rd period - Stopped by Adam Werner with a rebound.
7:29 of 3rd period - Snap shot by Nick Shore.
7:29 of 3rd period - Shot Misses the Net.
8:21 of 3rd period - Snap shot by Connor Hurley.
8:21 of 3rd period - Stopped by Adam Werner without a rebound.
8:22 of 3rd period - Morgan Frost wins face-off versus Ryan McLeod in Griffins zone.
8:29 of 3rd period - Slapshot by Evan Bouchard.
8:29 of 3rd period - Stopped by Adam Werner with a rebound.
8:31 of 3rd period - Snap shot by Alexander Alexeyev.
8:31 of 3rd period - Shot Misses the Net.
8:33 of 3rd period - Snap shot by Cody Glass.
8:33 of 3rd period - Shot Misses the Net.
8:47 of 3rd period - Alexander Alexeyev is hit by Pavel Kraskovsky and loses puck.
10:01 of 3rd period - Snap shot by Pontus Holmberg.
10:01 of 3rd period - Stopped by Adam Werner without a rebound.
10:02 of 3rd period - Nick Shore wins face-off versus Morgan Frost in Griffins zone.
10:11 of 3rd period - Slapshot by Joonas Lyytinen.
10:11 of 3rd period - Stopped by Stuart Skinner with a rebound.
10:13 of 3rd period - Snap shot by Anton Blidh.
10:13 of 3rd period - Deflect By Jack Studnicka.
10:13 of 3rd period - Shot Blocked by Evan Bouchard.
10:13 of 3rd period - Puck is out of play.
10:14 of 3rd period - Nick Shore wins face-off versus Jack Studnicka in Condors zone.
11:07 of 3rd period - Wrist shot by Michael Bunting.
11:07 of 3rd period - Goal by Michael Bunting - Griffins : 4 - Condors : 3.
11:08 of 3rd period - Ryan McLeod wins face-off versus Morgan Frost in neutral zone.
11:19 of 3rd period - Wrist shot by Taro Hirose.
11:19 of 3rd period - Deflect By Ryan McLeod.
11:19 of 3rd period - Shot Misses the Net.
11:19 of 3rd period - Puck is out of play.
11:20 of 3rd period - Morgan Frost wins face-off versus Ryan McLeod in Griffins zone.
11:20 of 3rd period - Morgan Frost is hit by Cody Glass.
11:23 of 3rd period - Minor Penalty to Joonas Lyytinen for Roughing.
11:24 of 3rd period - Nick Shore wins face-off versus Pavel Kraskovsky in Griffins zone.
11:24 of 3rd period - Slapshot by Taro Hirose.
11:24 of 3rd period - Stopped by Adam Werner with a rebound.
11:28 of 3rd period - Snap shot by Nick Shore.
11:28 of 3rd period - Deflect By Pavel Kraskovsky.
11:28 of 3rd period - Shot Misses the Net.
11:28 of 3rd period - Puck is out of play.
11:29 of 3rd period - Pavel Kraskovsky wins face-off versus Klim Kostin in Griffins zone.
11:34 of 3rd period - Slapshot by Nick Shore.
11:34 of 3rd period - Shot Blocked by Sebastian Ahaut.
11:36 of 3rd period - Slapshot by Evan Bouchard.
11:36 of 3rd period - Deflect By Taro Hirose.
11:36 of 3rd period - Stopped by Adam Werner without a rebound.
11:37 of 3rd period - Nick Shore wins face-off versus Pavel Kraskovsky in Griffins zone.
11:46 of 3rd period - Snap shot by Klim Kostin.
11:46 of 3rd period - Stopped by Adam Werner with a rebound.
11:48 of 3rd period - Wrist shot by Nick Shore.
11:48 of 3rd period - Stopped by Adam Werner with a rebound.
11:50 of 3rd period - Wrist shot by Evan Bouchard.
11:50 of 3rd period - Deflect By Nick Shore.
11:50 of 3rd period - Stopped by Adam Werner with a rebound.
11:52 of 3rd period - Wrist shot by Nick Shore.
11:52 of 3rd period - Shot Blocked by Braden Schneider.
11:54 of 3rd period - Slapshot by Alexander Alexeyev.
11:54 of 3rd period - Deflect By Pavel Kraskovsky.
11:54 of 3rd period - Stopped by Adam Werner with a rebound.
13:23 of 3rd period - Penalty to Joonas Lyytinen is over, Joonas Lyytinen is back on ice.
13:32 of 3rd period - Snap shot by Michael Bunting.
13:32 of 3rd period - Stopped by Stuart Skinner without a rebound.
13:33 of 3rd period - Anton Lundell wins face-off versus Colin White in Condors zone.
13:42 of 3rd period - Snap shot by Alex Laferriere.
13:42 of 3rd period - Stopped by Stuart Skinner with a rebound.
13:44 of 3rd period - Snap shot by Joonas Lyytinen.
13:44 of 3rd period - Shot Misses the Net.
13:46 of 3rd period - Snap shot by Kale Clague.
13:46 of 3rd period - Shot Misses the Net.
14:08 of 3rd period - Wrist shot by Alex Laferriere.
14:08 of 3rd period - Stopped by Stuart Skinner without a rebound.
14:09 of 3rd period - Ryan McLeod wins face-off versus Morgan Frost in Condors zone.
14:20 of 3rd period - Wrist shot by Jack Studnicka.
14:20 of 3rd period - Stopped by Stuart Skinner with a rebound.
14:22 of 3rd period - Snap shot by Jack Studnicka.
14:22 of 3rd period - Shot Misses the Net.
14:24 of 3rd period - Slapshot by Jack Studnicka.
14:24 of 3rd period - Goal by Jack Studnicka - Griffins : 5 - Condors : 3.
14:25 of 3rd period - Nick Shore wins face-off versus Morgan Frost in neutral zone.
14:50 of 3rd period - Remi Elie is hit by Yegor Sharangovich.
15:16 of 3rd period - Ryan McLeod is hit by Michael Bunting and loses puck.
15:41 of 3rd period - Snap shot by Viktor Lodin.
15:41 of 3rd period - Deflect By Samuel Poulin.
15:41 of 3rd period - Stopped by Stuart Skinner with a rebound.
15:43 of 3rd period - Snap shot by Will Cuylle.
15:43 of 3rd period - Shot Misses the Net.
15:45 of 3rd period - Slapshot by Braden Schneider.
15:45 of 3rd period - Stopped by Stuart Skinner with a rebound.
15:47 of 3rd period - Snap shot by Will Cuylle.
15:47 of 3rd period - Stopped by Stuart Skinner without a rebound.
15:48 of 3rd period - Nick Shore wins face-off versus Pavel Kraskovsky in Condors zone.
15:54 of 3rd period - Evan Bouchard is hit by Kale Clague and loses puck.
16:09 of 3rd period - Alexander Alexeyev is hit by Alex Laferriere and loses puck.
16:15 of 3rd period - Off-side.
16:16 of 3rd period - Anton Lundell wins face-off versus Nick Shore in neutral zone.
16:18 of 3rd period - Off-side.
16:19 of 3rd period - Nick Shore wins face-off versus Anton Lundell in neutral zone.
16:34 of 3rd period - Snap shot by Alex Laferriere.
16:34 of 3rd period - Goal by Alex Laferriere - Griffins : 6 - Condors : 3.
16:35 of 3rd period - Ryan McLeod wins face-off versus Morgan Frost in neutral zone.
17:00 of 3rd period - Alexander Alexeyev is hit by Grigori Denisenko.
17:41 of 3rd period - Will Cuylle is hit by Cody Glass and loses puck.
17:51 of 3rd period - Off-side.
17:52 of 3rd period - Colin White wins face-off versus Morgan Frost in neutral zone.
17:57 of 3rd period - Slapshot by Remi Elie.
17:57 of 3rd period - Deflect By Simon Benoit.
17:57 of 3rd period - Shot Blocked by Philip Broberg.
17:57 of 3rd period - Puck is out of play.
17:58 of 3rd period - Morgan Frost wins face-off versus Colin White in Griffins zone.
18:02 of 3rd period - Off-side.
18:03 of 3rd period - Nick Shore wins face-off versus Morgan Frost in neutral zone.
18:12 of 3rd period - Slapshot by Anton Blidh.
18:12 of 3rd period - Stopped by Stuart Skinner without a rebound.
18:13 of 3rd period - Morgan Frost wins face-off versus Nick Shore in Condors zone.
18:37 of 3rd period - Minor Penalty to Nick Shore for Hooking.
18:38 of 3rd period - Pavel Kraskovsky wins face-off versus Taro Hirose in Condors zone.
18:54 of 3rd period - Off-side.
18:55 of 3rd period - Taro Hirose wins face-off versus Pavel Kraskovsky in neutral zone.
18:57 of 3rd period - Alexander Alexeyev is hit by Sebastian Ahaut and loses puck.
19:22 of 3rd period - Evan Bouchard is hit by Grigori Denisenko and loses puck.
19:27 of 3rd period - Wrist shot by Morgan Frost.
19:27 of 3rd period - Stopped by Stuart Skinner without a rebound.
19:28 of 3rd period - Pavel Kraskovsky wins face-off versus Taro Hirose in Condors zone.
19:31 of 3rd period - Wrist shot by Pavel Kraskovsky.
19:31 of 3rd period - Shot Misses the Net.
19:33 of 3rd period - Slapshot by Ian McCoshen.
19:33 of 3rd period - Stopped by Stuart Skinner without a rebound.
19:34 of 3rd period - Anton Blidh wins face-off versus Taro Hirose in Condors zone.
19:53 of 3rd period - Taro Hirose is hit by Anton Blidh and loses puck.
Goals for this period are 3 for Griffins vs 1 for Condors.
Shots for this period are 15 for Griffins vs 15 for Condors.